Map: Terraform LE (Void)

Players

Lynkeus

  • Race: Zerg Zerg
  • League: Grandmaster

SticklerMac - Winner!

  • Race: Zerg Zerg

VOD

Have the link to the VOD?

Description

Time

  • Played on: Aug. 5, 2015, 7:14 p.m.
  • Length: 5:24
Show
View Real Time Build Order
Export as new Build Order

Lynkeus Zerg 

Build Orders: Pool First 

Get SALT Encoding   

  12  0:02  Drone  
  13  0:13  Extractor  
  12  0:19  Drone  
  13  0:32  Spawning Pool  
  13  0:34  Drone  
  13  0:43  Drone  
  14  0:50  Overlord  
  14  1:09  Drone  
  15  1:22  Queen  
  15  1:24  Overlord  
  17  1:27  Drone  
  17  1:28  Drone  
  19  1:37  Drone  
  20  2:01  Drone  
  20  2:02  Zergling x2  
  20  2:03  Hatchery  
  21  2:19  Queen  
  23  2:30  Zergling x2  
  23  2:31  Zergling x4  
  25  2:40  Zergling x8  
  29  3:15  Evolution Chamber  
  27  3:21  Zergling x6  
  30  3:34  Zergling x2  
  31  3:44  Zergling x2  
  31  3:45  Zergling x6  
  35  3:53  Metabolic Boost  
  35  4:02  Overlord  
  35  4:11  Evolution Chamber  
  28  4:24  Zergling x2  
  28  4:28  Zergling x16  
  38  4:31  Zergling x2  
  38  4:48  Drone x2  
  40  4:57  Baneling Nest  
Show
View Real Time Build Order
Export as new Build Order

SticklerMac Zerg - Winner!

Build Orders: Hatch First, Zergling Baneling 

Get SALT Encoding   

  12  0:00  Drone  
  13  0:08  Drone  
  14  0:19  Overlord  
  14  0:38  Drone x3  
  17  0:53  Hatchery  
  17  0:56  Drone  
  17  1:00  Drone  
  18  1:14  Spawning Pool  
  18  1:17  Drone  
  18  1:21  Drone, Extractor  
  18  1:35  Drone  
  19  1:43  Drone  
  20  1:53  Overlord  
  20  2:03  Queen  
  20  2:04  Queen  
  20  2:06  Zergling x4  
  27  2:15  Zergling x2  
  27  2:21  Zergling x2  
  28  2:33  Zergling x4  
  30  2:40  Zergling x4  
  32  2:47  Overlord  
  32  2:53  Metabolic Boost  
  32  2:54  Zergling x2  
  33  3:08  Zergling x6  
  36  3:14  Baneling Nest  
  36  3:15  Zergling x2  
  35  3:20  Overlord x3  
  35  3:25  Zergling x2  
  35  3:28  Overlord  
  35  3:37  Overlord  
  35  3:41  Zergling x4  
  37  3:44  Zergling x2  
  38  3:49  Zergling x2  
  38  3:55  Zergling x4  
  41  4:00  Zergling x4  
  43  4:04  Zergling x2  
  43  4:07  Zergling x2  
  46  4:17  Zergling x6  
  46  4:20  Zergling x2  
  46  4:24  Zergling x2  
  46  4:27  Baneling x2  
  46  4:30  Baneling  
  46  4:31  Baneling  
  47  4:32  Baneling  
  47  4:44  Baneling x4  
  47  4:45  Baneling x4  
  47  4:50  Zergling x2  
  48  4:53  Zergling x2  
  48  4:55  Zergling x2  
Tags
 
Add a new tag
Caveats
  • Supply blocks, unpowered buildings, or Contaminate may cause inaccurate times.
  • Supply counts are checked every 10 seconds.